 Dungeon Crawl Stone Soup version 0.26.1-2-gb8aa6d0cf2 (webtiles) character file.

Game seed: 8353853510253746654

9236 Gadfly the Slicer (level 11, -22/72 HPs)
             Began as a Halfling Fighter on Feb 14, 2021.
             Was a High Priest of Okawaru.
             Annihilated by a frost giant
             ... wielding the +8 frozen axe "Frostbite" {freezing cloud, *Noise +Fly rC+}
              (33 damage)
             ... on level 11 of the Dungeon on Feb 15, 2021.
             The game lasted 00:27:00 (17418 turns).

Gadfly the Slicer (Halfling Fighter)               Turns: 17418, Time: 00:27:00

Health: -22/72     AC: 16    Str: 20    XL:     11   Next: 70%
Magic:  17/17      EV:  8    Int:  6    God:    Okawaru [*****.]
Gold:   670        SH:  7    Dex: 15    Spells: 5/10 levels left

rFire    . . .     SeeInvis .   a - +1 short sword (elec)
rCold    . . .     Faith    +   x - +0 buckler
rNeg     . . .     Spirit   .   t - +0 plate armour
rPois    .         Reflect  .   h - +1 helmet
rElec    .         Harm     .   y - +0 cloak
rCorr    .         Rampage  .   (no gloves)
Will     .....                  (no boots)
Stlth    ..........             m - amulet of faith
HPRegen  0.22/turn              (no ring)
MPRegen  0.15/turn              (no ring)

@: no status effects
A: small, mutation resistance 1
a: Renounce Religion, Heroism, Finesse


You were on level 11 of the Dungeon.
You worshipped Okawaru.
Okawaru was extremely pleased with you.
You visited 2 branches of the dungeon, and saw 12 of its levels.

You collected 670 gold pieces.

Inventory:

Hand Weapons
 a - a +1 short sword of electrocution (weapon)
 b - a +0 hunting sling
 c - a +2 dagger of venom
 z - a +0 rapier
Missiles
 g - 87 sling bullets
Armour
 h - a +1 helmet (worn)
 j - a +0 kite shield
 t - a +0 plate armour (worn)
 x - a +0 buckler (worn)
 y - a +0 cloak (worn)
Jewellery
 m - an amulet of faith (around neck)
 u - an uncursed amulet of guardian spirit
 w - an uncursed ring of magical power
 C - an uncursed amulet of the acrobat
Wands
 q - a wand of polymorph (9)
 r - a wand of random effects (11)
 v - a wand of disintegration (13)
 A - a wand of iceblast (13)
Scrolls
 i - a scroll of identify
 l - a scroll of teleportation
 o - 5 scrolls of remove curse
 p - a scroll of fog
 B - a scroll of enchant weapon
Potions
 d - a potion of might
 e - a potion of haste
 f - 3 potions of flight
 k - 2 potions of berserk rage
 n - 2 potions of curing
 s - a potion of attraction


   Skills:
 * Level 5.8 Fighting
 * Level 9.9 Short Blades
 + Level 8.1 Slings
 + Level 7.0 Armour
 + Level 7.1 Shields
 + Level 8.2 Invocations
 + Level 7.5 Evocations


You had 5 spell levels left.
You knew the following spells:

 Your Spells              Type           Power        Failure   Level
a - Blink                 Tloc           N/A          100%        2
b - Conjure Flame         Conj/Fire      0%           100%        3

Your spell library contained the following spells:

 Spells                   Type           Power        Failure   Level
 Magic Dart               Conj           0%           100%        1
 Call Imp                 Summ           0%           100%        2
 Searing Ray              Conj           0%           100%        2
 Slow                     Hex            0%           100%        2
 Dazzling Flash           Conj/Hex       0%           100%        3
 Gell's Gravitas          Tloc           0%           100%        3
 Mephitic Cloud           Conj/Pois/Air  0%           100%        3
 Portal Projectile        Hex/Tloc       0%           100%        3
 Fulminant Prism          Conj/Hex       0%           100%        4
 Iskenderun's Mystic Bla  Conj/Tloc      0%           100%        4
 Dispersal                Tloc           0%           100%        6
 Disjunction              Tloc           0%           100%        8


Dungeon Overview and Level Annotations

Branches:
Dungeon (11/15)            Temple (1/1) D:7            Lair (0/6) D:8
    Orc: D:9-12

Altars:
Ashenzari
Cheibriados
Dithmenos
Elyvilon
Fedhas
Gozag
Hepliaklqana
Kikubaaqudgha
Makhleb
Nemelex Xobeh
Okawaru
Qazlal
Ru
Sif Muna
Trog
Uskayaw
Vehumet
Wu Jian
Xom
Yredelemnul
Zin
The Shining One

Portals:
Trove: D:11 (give 7 scrolls of blinking)

Annotations:
D:5 3 runed translucent doors, Tocho's ghost, novice DECj
D:8 exclusion: ice statue
D:11 1 transporter, casanoah's ghost, novice TeAE


Innate Abilities, Weirdness & Mutations

You are small and have problems with some larger weapons.
You are somewhat resistant to further mutation.


Message History

The ice encasing you melts away. The frost giant casts a spell at you.
The bolt of cold hits you!!
You completely miss the frost giant.
You are too injured to fight recklessly!
You hit the frost giant.
The frost giant is lightly wounded.
The frost giant gestures at you while chanting.
The bolt of cold hits you!!
* * * LOW HITPOINT WARNING * * *
You hear an angry growl.
You hit the frost giant but do no damage.
Okay, then.
Okay, then.
Okay, then.
Okay, then.
Okay, then.
You feel better.
The frost giant hits you with the +8 frozen axe "Frostbite" {freezing cloud, *Noise +Fly rC+}!!
You die...

#OW#.#)###.......:
.OO#...#####...#.#C# ..$
####.......#...# !h #...
....##.###.##./.#
k##...# .#..
#(###..##.....?...#
.#..##(......##.c.....#
......)###.#..##.....
##....(.##.##..###.###.#
##..##..##.####(@C..>.#
....##..##.# #.##.#.#.#
.#.......... .... .#
#........#####.####
#c.o#..#.# #..
#.O....#.####.##
##<).........#
#..∩.##.#### #.[.....#


You could see a frost giant.

Vanquished Creatures
  2 two-headed ogres (D:8)
  An elephant (D:8)
  A rime drake (D:11)
  2 trolls (D:9)
  A hornet (D:9)
  Prince Ribbit (D:5)
  A wyvern (D:8)
  2 wraiths
  An acid dragon (D:9)
  A water moccasin (D:8)
  A soldier ant (D:9)
  4 orc warriors
  An ice beast (D:5)
  5 sky beasts
  4 black bears
  5 ogres
  3 phantoms
  7 centaurs
  A big kobold (D:8)
  2 bullfrogs
  A wyvern skeleton (D:9)
  4 scorpions
  9 killer bees
  23 wights
  A howler monkey (D:6)
  4 bullfrog zombies
  A centaur zombie (D:10)
  4 jellies
  2 quasits
  An orc priest (D:6)
  2 hounds
  A bullfrog skeleton (D:8)
  A centaur skeleton (D:4)
  2 iguanas (D:7)
  Natasha (thrice) (D:2)
  9 orc wizards
  8 worker ants
  A hound zombie (D:7)
  2 hound skeletons
  3 gnolls (D:3)
  9 adders
  3 shadow imps
  3 white imps
  8 ufetubi
  4 oozes
  2 adder skeletons
  2 adder zombies
  3 worms
  2 dart slugs (D:1)
  5 leopard geckos
  34 orcs
  6 giant cockroaches
  14 goblins
  7 hobgoblins
  8 jackals
  11 kobolds
  5 quokkas
  3 ball pythons
  9 bats
  3 frilled lizards
  2 leopard gecko skeletons
  A quokka skeleton (D:8)
  8 rats
  A bush (D:3)
281 creatures vanquished.

Vanquished Creatures (others)
  6 plants
6 creatures vanquished.

Grand Total: 287 creatures vanquished

Notes
Turn   | Place    | Note
-------+----------+-------------------------------------------
     0 | D:1      | Gadfly the Halfling Fighter began the quest for the Orb.
     0 | D:1      | Reached XP level 1. HP: 15/15 MP: 1/1
    67 | D:1      | Reached XP level 2. HP: 20/20 MP: 2/2
   483 | D:1      | Reached skill level 1 in Invocations
   492 | D:1      | Reached XP level 3. HP: 25/25 MP: 3/3
   543 | D:1      | Reached skill level 1 in Evocations
   615 | D:1      | Reached skill level 3 in Short Blades
   860 | D:2      | Noticed Natasha
   874 | D:2      | Killed Natasha
   875 | D:2      | Reached skill level 1 in Slings
   875 | D:2      | Reached XP level 4. HP: 18/30 MP: 3/5
  1010 | D:2      | Noticed Natasha
  1020 | D:2      | Killed Natasha
  1062 | D:2      | Reached XP level 5. HP: 36/36 MP: 6/6
  1084 | D:2      | Noticed Natasha
  1094 | D:2      | Killed Natasha
  1924 | D:3      | Reached XP level 6. HP: 8/42 MP: 7/7
  2262 | D:3      | Reached skill level 4 in Short Blades
  3133 | D:4      | Reached XP level 7. HP: 43/46 MP: 9/9
  3824 | D:5      | Entered Level 5 of the Dungeon
  4271 | D:5      | Reached XP level 8. HP: 29/52 MP: 10/10
  4488 | D:5      | Reached skill level 5 in Short Blades
  4639 | D:5      | Found a runed translucent gate.
  4639 | D:5      | Found a runed translucent gate.
  4640 | D:5      | Found a runed translucent gate.
  4641 | D:5      | Noticed Prince Ribbit
  4657 | D:5      | Killed Prince Ribbit
  6067 | D:5      | Noticed Tocho's ghost (novice DECj)
  6308 | D:6      | Reached skill level 6 in Short Blades
  6426 | D:6      | Reached XP level 9. HP: 32/58 MP: 12/12
  6430 | D:6      | Reached skill level 5 in Invocations
  6697 | D:6      | Reached skill level 5 in Armour
  7057 | D:6      | Reached skill level 5 in Shields
  7351 | D:6      | Reached skill level 5 in Evocations
  7466 | D:7      | Reached skill level 5 in Slings
  7812 | D:7      | Found a blossoming altar of Fedhas.
  8398 | D:7      | Reached skill level 7 in Short Blades
  9027 | D:7      | Found a staircase to the Ecumenical Temple.
  9038 | Temple   | Entered the Ecumenical Temple
  9405 | Temple   | Became a worshipper of Warmaster Okawaru
  9515 | D:7      | Reached XP level 10. HP: 33/65 MP: 14/14
 10546 | D:8      | Noticed a two-headed ogre
 10548 | D:8      | Noticed an elephant
 10584 | D:8      | Killed a two-headed ogre
 10584 | D:8      | Reached * piety under Okawaru
 10584 | D:8      | Reached ** piety under Okawaru
 10585 | D:8      | Reached skill level 8 in Short Blades
 10599 | D:8      | Found a sacrificial altar of Ru.
 11169 | D:8      | Killed an elephant
 11550 | D:8      | Reached skill level 5 in Fighting
 11949 | D:8      | Reached *** piety under Okawaru
 12157 | D:8      | Found a staircase to the Lair.
 12294 | D:8      | Noticed an ice devil
 12295 | D:8      | Noticed an ice devil
 12307 | D:8      | Noticed an ice devil
 12310 | D:8      | Noticed an ice devil
 12321 | D:8      | Noticed an ice devil
 12357 | D:8      | Noticed an ice devil
 12582 | D:8      | Noticed an ice statue
 13319 | D:8      | Noticed a two-headed ogre
 13323 | D:8      | Killed a two-headed ogre
 13324 | D:8      | Reached skill level 9 in Short Blades
 13324 | D:8      | Reached XP level 11. HP: 70/72 MP: 16/16
 14337 | D:9      | Reached **** piety under Okawaru
 15599 | D:9      | Learned a level 2 spell: Blink
 15603 | D:9      | Learned a level 3 spell: Conjure Flame
 15607 | D:10     | Entered Level 10 of the Dungeon
 16210 | D:10     | Received a gift from Okawaru
 17058 | D:10     | Reached ***** piety under Okawaru
 17238 | D:11     | Found a portal to a secret trove of treasure.
 17259 | D:11     | Noticed a two-headed ogre
 17342 | D:11     | Identified the +9 great mace of the Shore {flame, rElec rC+
                  | rN+ Will-}
 17342 | D:11     | Noticed a two-headed ogre
 17343 | D:11     | Found a transporter.
 17351 | D:11     | Noticed casanoah's ghost (novice TeAE)
 17353 | D:11     | Noticed a two-headed ogre
 17406 | D:11     | Noticed a frost giant
 17413 | D:11     | Received a gift from Okawaru
 17416 | D:11     | HP: 1/72 [frost giant/bolt of cold (31)]
 17418 | D:11     | Annihilated by a frost giant

Illustrated notes

Levels and vault maps discovered:
D:1:      saegor_arrival_simple_a, layout_basic, solitary_fountain,
          minmay_ruptured
D:2:      layout_basic, grunt_decor_arrowhead, uniq_natasha
D:3:      layout_rooms, serial_forest, infiniplex_forest_corner_1,
          infiniplex_forest_corner_2, infiniplex_forest_lined_2,
          infiniplex_forest_clump_small, infiniplex_forest_clump_medium
D:4:      layout_basic
D:5:      layout_basic, gammafunk_ghost_necromancy, grunt_decor_fettered,
          eino_small_chamber_without_monster, uniq_prince_ribbit1
D:6:      layout_basic
D:7:      layout_gridville, fedhas_altar_2, minmay_temple_entry_drinking_statues
D:8:      cheibrodos_frozen_isle, layout_basic, david_lair_generic,
          nicolae_ru_awakened_eye
D:9:      layout_rooms, kb_rosetta
D:10:     layout_cross, minmay_misc_feat_plants, kennysheep_generic_room_11
D:11:     minmay_coctagon, layout_loops_cross, hiddenorc1_lemuel,
          nicolae_trove_entry_free_sample, gammafunk_ghost_smash,
          chequers_serial_rivers_large_a, corexii_hall_statues_x
Temple:   nicolae_temple_the_god_donut

Skill      XL: |  1  2  3  4  5  6  7  8  9 10 11 |
---------------+----------------------------------+-----
Invocations    | 1 2 3 4 6 7 8 |  8.2
Evocations     | 1 2 3 4 5 7 |  7.5
Short Blades   | 3 4 6 7 9 |  9.9
Slings         | 1 2 3 4 5 7 8 |  8.1
Fighting       | 3 4 5 |  5.8
Armour         | 4 5 6 7 |  7.0
Shields        | 4 5 6 7 |  7.1

Action                   |  1- 3 |  4- 6 |  7- 9 | 10-12 || total
-------------------------+-------+-------+-------+-------++-------
Melee: Rapier            |    63 |    71 |       |   216 ||   350
       Dagger            |    19 |   181 |   467 |   328 ||   995
       Short sword       |       |       |       |   222 ||   222
       Trident           |       |       |       |    36 ||    36
 Fire: Hunting sling     |       |    13 |    10 |   187 ||   210
Evoke: Wand              |       |       |       |     4 ||     4
  Use: Scroll            |     3 |     6 |     5 |     5 ||    19
       Potion            |       |       |       |     6 ||     6
Armor: Scale mail        |    23 |    57 |    50 |       ||   130
       Plate armour      |       |       |   126 |   312 ||   438
       Skin              |       |       |       |    25 ||    25
Dodge: Dodged            |    28 |    56 |    95 |   149 ||   328
Block: Kite shield       |    48 |    94 |   207 |   196 ||   545
       Buckler           |       |       |       |    80 ||    80
